 Dungeon Sprint DCSS version 0.27-a0-1139-g28e009f8a6 (webtiles) character file.

Game seed: 3155833912732011872

2029 Zeld the Destroyer (level 9, -14/55 HPs)
             Began as a Deep Elf Conjurer on May 7, 2021.
             Was an Elder of Sif Muna.
             Killed from afar by a black draconian (41 damage)
             ... with a bolt of lightning
             ... in the Dungeon (Sprint V: "Ziggurat Sprint").
             The game lasted 00:03:22 (1763 turns).

Zeld the Destroyer (Deep Elf Conjurer)              Turns: 1763, Time: 00:03:22

Health: -14/55     AC:  2    Str:  4    XL:     9   Next: 3%
Magic:  0/25       EV: 12    Int: 33    God:    Sif Muna [****..]
Gold:   0          SH:  0    Dex: 13    Spells: 18/29 levels left

rFire    x . .     SeeInvis .   w - staff of conjuration
rCold    . . .     Faith    .   (no shield)
rNeg     . . .     Spirit   +   a - +0 robe
rPois    +         Reflect  .   (no helmet)
rElec    .         Harm     .   (no cloak)
rCorr    .         Rampage  .   (no gloves)
Will     .....     NoTele   +   (no boots)
Stlth    ++........             A - amulet of Wetarik {Spirit +Inv rPois rF-}
HPRegen  0.18/turn              (no ring)
MPRegen  0.19/turn              v - +6 ring of intelligence

@: channeling
A: no striking features
a: Renounce Religion, Evoke Invisibility, Channel Magic, Forget Spell, Divine
Exegesis


You were in the Dungeon.
You worshipped Sif Muna.
Sif Muna was greatly pleased with you.
You visited 1 branch

Inventory:

Armour
 a - a +0 robe (worn)
 b - a +3 tower shield
Magical Staves
 w - a staff of conjuration (weapon)
Jewellery
 v - a +6 ring of intelligence (right hand)
 A - the amulet of Wetarik (around neck) {Spirit +Inv rPois rF-}
   (You found it in the Dungeon)

   [amulet of guardian spirit]

   It causes incoming damage to be divided between your reserves of health and
   magic.
   It makes you vulnerable to fire.
   It protects you from poison.
   It lets you turn invisible.
Wands
 s - a wand of mindburst (7)
 t - a wand of iceblast (5)
 u - a wand of acid (7)
Scrolls
 h - a scroll of blinking
 i - 4 scrolls of amnesia
 j - 7 scrolls of fog
 k - a scroll of holy word
 l - 5 scrolls of identify
 m - 2 scrolls of fear
Potions
 c - 10 potions of curing
 d - 10 potions of heal wounds
 e - 6 potions of haste
 f - 7 potions of magic
 g - 3 potions of berserk rage
 n - 2 potions of brilliance
 o - 2 potions of invisibility
 p - 4 potions of resistance
 r - 5 potions of might
Miscellaneous
 q - a piece from Xom's chessboard (15/15)
 x - a lightning rod (4/4)
 y - a phantom mirror
 z - a piece from Xom's chessboard (15/15)


   Skills:
 + Level 6.0 Fighting
 + Level 6.0 Armour
 - Level 2.4 Dodging
 - Level 2.4 Stealth
 + Level 10.9 Spellcasting
 * Level 12.7 Conjurations
 * Level 12.0 Invocations


You had 18 spell levels left.
You knew the following spells:

 Your Spells              Type           Power      Damage    Failure   Level
a - Magic Dart            Conj           100%       1d8       0%          1
b - Searing Ray           Conj           100%       3d7       1%          2
c - Fulminant Prism       Conj/Hex       37%        3d18      1%          4
d - Iskenderun's Mystic   Conj/Tloc      74%        2d15      1%          4

Your spell library contained the following spells:

 Spells                   Type           Power      Damage    Failure   Level
 Dazzling Flash           Conj/Hex       100%       N/A       1%          3
 Blink                    Tloc           N/A        N/A       4%          2
 Corpse Rot               Necr/Air       N/A        N/A       4%          2
 Sublimation of Blood     Necr           8%         N/A       4%          2
 Gell's Gravitas          Tloc           8%         N/A       8%          3
 Lesser Beckoning         Tloc           8%         N/A       8%          3
 Teleport Other           Tloc           17%        N/A       8%          3
 Dispel Undead            Necr           17%        3d10      26%         4
 Agony                    Necr           17%        N/A       58%         5
 Excruciating Wounds      Necr           8%         N/A       58%         5
 Manifold Assault         Tloc           17%        N/A       58%         5


Dungeon Overview and Level Annotations

Branches:
Dungeon (1/1)

Altars:
Ashenzari
Cheibriados
Dithmenos
Elyvilon
Fedhas
Gozag
Hepliaklqana
Kikubaaqudgha
Makhleb
Nemelex Xobeh
Okawaru
Qazlal
Ru
Sif Muna
Trog
Uskayaw
Vehumet
Wu Jian
Xom
Yredelemnul
Zin
The Shining One
Beogh
Jiyva
Lugonu

Annotations:
D 1 transporter


Message History

As you read the scroll of blinking, it crumbles to dust.
Found a transporter.
Sif Muna will no longer gift you books.
Casting: Iskenderun's Mystic Blast (dangerous; 2% risk of failure)
Confirm with . or Enter, or press ? or * to list all spells.
You feel a surge of power!
You erupt in a blast of force!
The mystic blast hits the black draconian!!
The black draconian is almost dead.
The black draconian is knocked back by the mystic blast.
The black draconian collides with the draconian!
The mystic blast hits the draconian!
The draconian is moderately wounded.
The draconian is knocked back by the mystic blast.
The draconian slams into the unnaturally hard rock wall!
The mystic blast hits the draconian!
You kill the draconian!
Sif Muna accepts your kill.
Your Fighting skill increases to level 6!
Your Armour skill increases to level 6!
Your Invocations skill increases to level 12!
You have reached level 9!
Your experience leads to an increase in your attributes!
Your base attributes are Str 4, Int 26, Dex 13.
Increase (S)trength, (I)ntelligence, or (D)exterity?
Uppercase letters only, please.
You feel clever.
Casting: Iskenderun's Mystic Blast (dangerous; 1% risk of failure)
Confirm with . or Enter, or press ? or * to list all spells.
You feel a surge of power!
You erupt in a blast of force!
The mystic blast hits the draconian!!
You kill the draconian!
Sif Muna accepts your kill.
The mystic blast hits the draconian!!
The draconian is heavily wounded.
The draconian is knocked back by the mystic blast.
The draconian slams into the unnaturally hard rock wall!
The black draconian breathes lightning at you.
The bolt of lightning hits you!!!
Ouch! That really hurt!
You die...

▓..).....▓...[)...▓
▓...|....▓..)"....▓
▓........▓........▓
▓........▓........▓
▓.▓....▓.▓.▓....▓.▓
▓...©....▓...©....▓
▓▓▓▓▓▓▓▓▓▓▓▓▓▓▓▓▓▓▓
▓..8©8..▓ ▓..):"@.▓
▓..||)..▓ ▓.....|d▓
▓.......▓ ▓....)dd▓
▓.......▓ ▓.▓...▓.▓
▓...©...▓ ▓▓▓▓▓▓▓▓▓


You could see a black draconian (catching breath) and 2 draconians.

Vanquished Creatures
  A two-headed ogre (D)
  3 draconians (D)
  A troll (D)
  A ynoxinul (D)
  An ice beast (D)
  2 crimson imps (D)
  An orc priest (D)
  5 orc wizards (D)
  3 white imps (D)
  2 ufetubi (D)
  An orc (D)
21 creatures vanquished.

Vanquished Creatures (others)
  2 fulminant prisms (D)
2 creatures vanquished.

Grand Total: 23 creatures vanquished

Notes
Turn   | Place    | Note
-------+----------+-------------------------------------------
     0 | D        | Zeld the Deep Elf Conjurer began the quest for the Orb.
     0 | D        | Reached XP level 1. HP: 10/10 MP: 6/6
     2 | D        | Found a blossoming altar of Fedhas.
     3 | D        | Found the +6 Majin-Bo {vamp, MP+6 Int+6}
     3 | D        | Found the +9 heavy crossbow "Sniper" {vorpal, Acc+∞ SInv}
     3 | D        | Found the +10 dark maul {vorpal}
     3 | D        | Found the +15 Maxwell's patent armour {-Cast -Tele rElec
                  | Will+ rCorr}
     3 | D        | Found the +18 shield of the Gong {rElec rN+ Will+ EV-5}
     3 | D        | Found the +14 obsidian axe {vorpal, Drain Fly SInv}
     3 | D        | Found the +7 great mace "Firestarter" {inner flame, rF++}
     3 | D        | Found the +6 shillelagh "Devastator" {shatter}
     3 | D        | Found the +11 plutonium sword {Contam Stlth-}
     3 | D        | Found the +8 lance "Wyrmbane" {slay drac, rPois rF+ rC+
                  | AC+3}
     3 | D        | Found the +9 sword of Zonguldrok {reap}
     3 | D        | Found the +13 scythe of Curses {drain, Drain}
     3 | D        | Found the +5 sword of Power {vorpal}
     3 | D        | Found the +7 mace of Variability {chain chaos}
     3 | D        | Found the +7 Singing Sword {vorpal, sonic wave}
     3 | D        | Found the +8 storm bow {elec, penet}
     4 | D        | Found a viscous altar of Jiyva.
     4 | D        | Found a hazy altar of Hepliaklqana.
     4 | D        | Found a transporter.
     4 | D        | Found an opulent altar of Gozag.
     4 | D        | Found an ancient bone altar of Kikubaaqudgha.
     4 | D        | Found a corrupted altar of Lugonu.
    14 | D        | Found a burning altar of Makhleb.
    15 | D        | Found a sacrificial altar of Ru.
    15 | D        | Found a shimmering blue altar of Sif Muna.
    15 | D        | Found a stormy altar of Qazlal.
    15 | D        | Found a bloodstained altar of Trog.
    15 | D        | Found an iron altar of Okawaru.
    15 | D        | Found a sparkling altar of Nemelex Xobeh.
    42 | D        | Became a worshipper of Sif Muna the Loreminder
   244 | D        | Reached skill level 5 in Spellcasting
   244 | D        | Reached XP level 2. HP: 15/15 MP: 7/10
   248 | D        | Learned a level 2 spell: Searing Ray
   348 | D        | Entered arena 2.
   348 | D        | Noticed a troll
   348 | D        | Noticed a two-headed ogre
   348 | D        | Found a transporter.
   351 | D        | Killed a troll
   352 | D        | Reached XP level 3. HP: 22/22 MP: 10/13
   352 | D        | Reached XP level 4. HP: 27/27 MP: 11/15
   352 | D        | Reached XP level 5. HP: 31/31 MP: 11/16
   358 | D        | Killed a two-headed ogre
   359 | D        | Reached skill level 10 in Invocations
   359 | D        | Reached XP level 6. HP: 10/39 MP: 6/20
   359 | D        | Reached XP level 7. HP: 11/44 MP: 6/21
   364 | D        | Learned a level 4 spell: Fulminant Prism
   369 | D        | Learned a level 4 spell: Iskenderun's Mystic Blast
   674 | D        | Entered arena 3.
   674 | D        | Found a transporter.
   675 | D        | Identified the ring of Due Proportion {rCorr Int+2 SInv}
   678 | D        | Reached * piety under Sif Muna
  1484 | D        | Entered arena 4.
  1484 | D        | Found a transporter.
  1486 | D        | Reached ** piety under Sif Muna
  1567 | D        | Entered arena 5.
  1567 | D        | Noticed a ynoxinul
  1567 | D        | Found a transporter.
  1568 | D        | Reached *** piety under Sif Muna
  1571 | D        | Killed a ynoxinul
  1572 | D        | Reached skill level 5 in Fighting
  1572 | D        | Reached skill level 5 in Armour
  1572 | D        | Reached XP level 8. HP: 49/49 MP: 15/23
  1717 | D        | Entered arena 6.
  1717 | D        | Found a transporter.
  1718 | D        | Reached **** piety under Sif Muna
  1723 | D        | Reached skill level 10 in Spellcasting
  1729 | D        | Got the amulet of Wetarik {Spirit +Inv rPois rF-}
  1753 | D        | Entered arena 7.
  1753 | D        | Noticed a draconian
  1753 | D        | Noticed a draconian
  1753 | D        | Noticed a black draconian
  1753 | D        | Noticed a draconian
  1753 | D        | Noticed a draconian
  1753 | D        | Noticed a draconian
  1759 | D        | Killed a draconian
  1759 | D        | Reached ***** piety under Sif Muna
  1759 | D        | Identified Sif Muna's Guide on Spatial Feathers (Sif Muna
                  | gifted it to you in the Dungeon)
  1759 | D        | Received a gift from Sif Muna
  1760 | D        | Found a transporter.
  1762 | D        | Killed a draconian
  1763 | D        | Reached XP level 9. HP: 27/55 MP: 5/25
  1763 | D        | Killed a draconian
  1763 | D        | Killed from afar by a black draconian

Illustrated notes

Levels and vault maps discovered:
D:        sprint_v [room_start, room_1, room_2, room_3, room_4, room_5, room_6,
          room_7, room_8, room_9, room_10, room_11, room_12, room_13, room_14,
          room_15, room_16, room_17, room_18, room_19, room_20, room_21,
          room_22, room_23, room_24, room_25, room_26, room_27]

Skill      XL: |  1  2  3  4  5  6  7  8 |
---------------+-------------------------+-----
Spellcasting   | 5 7 9 10 | 10.9
Conjurations   | 6 8 11 12 | 12.7
Invocations    | 4 7 10 12 | 12.0
Fighting       | 2 4 5 6 |  6.0
Armour         | 2 4 5 6 |  6.0
Dodging        | |  2.4
Stealth        | |  2.4

Action                   |  1- 3 |  4- 6 |  7- 9 || total
-------------------------+-------+-------+-------++-------
Melee: Staff             |       |       |     1 ||     1
 Cast: Searing Ray       |       |     2 |    11 ||    13
       Iskenderun's Myst |       |       |     6 ||     6
       Fulminant Prism   |       |       |     2 ||     2
Invok: Channel Magic     |       |       |     2 ||     2
Evoke: Wand              |     2 |       |       ||     2
       Lightning rod     |     1 |     1 |       ||     2
  Use: Potion            |     1 |       |       ||     1
       Scroll            |       |     2 |     1 ||     3
Armor: Robe              |       |       |     1 ||     1
Dodge: Dodged            |       |     1 |     3 ||     4

Table legend: (Time is in decaauts)
 A = Elapsed time spent in this place.
 B = Non-inter-level travel time spent in this place.
 C = Inter-level travel time spent in this place.
 D = Time resting spent in this place.
 E = Time spent auto-exploring this place.
 F = Levels seen in this place.
 G = Mean time per level.
                   A        B        C        D        E       F      G
               +--------+--------+--------+--------+--------+-----+--------+
         Total |   1761 |   1761 |      0 |   1544 |     15 |   1 | 1761.0 |
       Dungeon |   1761 |   1761 |      0 |   1544 |     15 |   1 | 1761.0 |
               +--------+--------+--------+--------+--------+-----+--------+

Top non-repeatable levels by time:
       D: 1761 daAuts
